General information
- name: BNet
- type: Ladder team game (AT/RT)
- host: Battle.net
- saver: TheUSDollar
map: GnollWood
- players: 6
- length: 11:53
- speed: Fast
- version: 1.24 W3XP
- replay type: Public
» download(85 KB)
Players
team 1 (loser)
MyDrive (
purple | 103 APM | 1185 actions | 11:29)
2 Archmage
1 Summon Water Elemental
1 Brilliance Aura
1 Mountain King
1 Storm Bolt
» actions
| Assign group hotkey | 97 | |
| Build / train | 46 | |
| ESC pressed | 2 | |
| Enter build submenu | 24 | |
| Enter hero's abilities submenu | 4 | |
| Give item / drop item | 3 | |
| Right click | 499 | |
| Select / deselect | 233 | |
| Select group hotkey | 216 | |
| Use ability | 61 | |
1185 total
» units
| Peasant | 11 | |
| Footman | 6 | |
| Rifleman | 7 | |
| Priest | 1 | |
| Mortar Team | 2 | |
27 total
» upgrades
» buildings
| Altar of Kings | 1 | |
| Farm | 10 | |
| Barracks | 1 | |
| Scout Tower | 1 | |
| Arcane Tower | 2 | |
| Blacksmith | 1 | |
| Keep | 2 | |
| Arcane Vault | 1 | |
| Workshop | 2 | |
| Lumber Mill | 1 | |
| Arcane Sanctum | 1 | |
23 total
» build order
00:10 Altar of Kings
00:24 Farm
00:39 Barracks
01:06 Farm
01:28 Scout Tower
01:58 Arcane Tower
01:58 Arcane Tower
03:03 Blacksmith
03:48 Keep
03:48 Keep
03:51 Farm
03:55 Farm
03:57 Farm
04:56 Arcane Vault
06:09 Workshop
06:22 Workshop
07:28 Lumber Mill
07:33 Arcane Sanctum
08:11 Farm
08:14 Farm
08:15 Farm
08:17 Farm
08:27 Farm
» items
| Dust of Appearance | 1 | |
| Healing Salve | 1 | |
| Scroll of Regeneration | 3 | |
5 total
MyRide (
teal | 37 APM | 431 actions | 11:32)
2 Death Knight
1 Death Coil
1 Unholy Aura
1 Crypt Lord
1 Impale
» actions
| Assign group hotkey | 15 | |
| Basic commands | 10 | |
| Build / train | 32 | |
| Enter build submenu | 13 | |
| Enter hero's abilities submenu | 3 | |
| Remove unit from queue | 1 | |
| Right click | 189 | |
| Select / deselect | 112 | |
| Select group hotkey | 33 | |
| Use ability | 23 | |
431 total
» units
| Acolyte | 2 | |
| Ghoul | 5 | |
| Crypt Fiend | 10 | |
| Necromancer | 2 | |
| Abomination | 2 | |
21 total
» upgrades
| Web | 1 | |
| Necromancer Training | 2 | |
3 total
» buildings
| Crypt | 1 | |
| Ziggurat | 3 | |
| Altar of Darkness | 1 | |
| Graveyard | 1 | |
| Halls of the Dead | 1 | |
| Slaughterhouse | 1 | |
| Temple of the Damned | 1 | |
| Sacrificial Pit | 1 | |
| Black Citadel | 1 | |
| Tomb of Relics | 1 | |
| Boneyard | 1 | |
13 total
» build order
00:04 Crypt
00:10 Ziggurat
00:34 Altar of Darkness
00:59 Graveyard
01:33 Ziggurat
03:05 Halls of the Dead
04:43 Ziggurat
05:27 Slaughterhouse
05:30 Temple of the Damned
06:28 Sacrificial Pit
07:36 Black Citadel
08:39 Tomb of Relics
10:17 Boneyard
MySwim (
yellow | 40 APM | 472 actions | 11:51)
1 Blademaster
1 Wind Walk
1 Tauren Chieftain
1 Shockwave
» actions
| Assign group hotkey | 10 | |
| Build / train | 28 | |
| ESC pressed | 1 | |
| Enter build submenu | 9 | |
| Enter hero's abilities submenu | 2 | |
| Right click | 229 | |
| Select / deselect | 142 | |
| Select group hotkey | 34 | |
| Use ability | 17 | |
472 total
» units
» upgrades
| Ensnare | 1 | |
| Berserker Strength | 1 | |
2 total
» buildings
| Altar of Storms | 1 | |
| Orc Burrow | 4 | |
| Barracks | 1 | |
| Stronghold | 1 | |
| Voodoo Lounge | 1 | |
| Beastiary | 1 | |
| War Mill | 1 | |
10 total
» build order
00:08 Altar of Storms
00:30 Orc Burrow
00:49 Barracks
01:45 Orc Burrow
02:59 Stronghold
03:03 Voodoo Lounge
04:30 Orc Burrow
05:27 Beastiary
06:49 Orc Burrow
07:48 War Mill
» items
team 2 (winner)

»
Doof. (
green | 94 APM | 1121 actions | 11:52)
4 Blademaster
2 Wind Walk
2 Critical Strike
3 Shadow Hunter
1 Hex
2 Healing Wave
» actions
| Assign group hotkey | 23 | |
| Basic commands | 8 | |
| Build / train | 48 | |
| Enter build submenu | 12 | |
| Enter hero's abilities submenu | 7 | |
| Give item / drop item | 1 | |
| Right click | 523 | |
| Select / deselect | 141 | |
| Select group hotkey | 307 | |
| Use ability | 51 | |
1121 total
» units
| Peon | 7 | |
| Grunt | 5 | |
| Raider | 3 | |
| Spirit Walker | 3 | |
| Kodo Beast | 1 | |
19 total
» upgrades
| Berserker Strength | 1 | |
| Ensnare | 1 | |
| Spirit Walker Training | 1 | |
| Melee Weapons | 1 | |
| Armor | 1 | |
5 total
» buildings
| Altar of Storms | 1 | |
| Orc Burrow | 5 | |
| Barracks | 1 | |
| Voodoo Lounge | 2 | |
| Stronghold | 2 | |
| Beastiary | 1 | |
| Spirit Lodge | 1 | |
| War Mill | 1 | |
| Fortress | 1 | |
15 total
» build order
00:12 Altar of Storms
00:21 Orc Burrow
00:36 Barracks
01:31 Orc Burrow
02:13 Voodoo Lounge
02:15 Voodoo Lounge
02:52 Stronghold
03:36 Orc Burrow
05:32 Beastiary
06:30 Spirit Lodge
07:21 Orc Burrow
07:23 War Mill
10:33 Orc Burrow
11:32 Fortress
» items
| Boots of Speed | 1 | |
| Circlet of Nobility | 2 | |
| Healing Salve | 1 | |
| Lesser Clarity Potion | 2 | |
| Scroll of Speed | 1 | |
7 total

»
onemanwolfpack (
orange | 106 APM | 1260 actions | 11:52)
3 Keeper of the Grove
2 Entangling Roots
1 Thorns Aura
1 Priestess of the Moon
1 Trueshot Aura
» actions
| Assign group hotkey | 59 | |
| Basic commands | 22 | |
| Build / train | 35 | |
| Enter build submenu | 17 | |
| Enter hero's abilities submenu | 4 | |
| Right click | 653 | |
| Select / deselect | 156 | |
| Select group hotkey | 275 | |
| Use ability | 39 | |
1260 total
» units
| Wisp | 13 | |
| Huntress | 8 | |
| Druid of the Talon | 1 | |
22 total
» upgrades
| Strength of the Moon | 1 | |
| Nature's Blessing | 1 | |
2 total
» buildings
| Altar of Elders | 1 | |
| Moon Well | 5 | |
| Hunter's Hall | 1 | |
| Ancient of War | 2 | |
| Tree of Ages | 1 | |
| Ancient of Wonders | 1 | |
| Ancient of Wind | 1 | |
| Ancient Protector | 3 | |
| Tree of Life | 1 | |
16 total
» build order
00:07 Altar of Elders
00:21 Moon Well
01:52 Hunter's Hall
01:59 Ancient of War
02:15 Moon Well
02:30 Ancient of War
03:25 Moon Well
04:41 Moon Well
05:09 Tree of Ages
07:37 Ancient of Wonders
07:41 Moon Well
08:45 Ancient of Wind
10:31 Ancient Protector
10:33 Ancient Protector
10:35 Ancient Protector
11:41 Tree of Life
» items
| Scroll of Regeneration | 1 | |
| Scroll of Town Portal | 1 | |
2 total

»
TheUSDollar (
blue | 116 APM | 1381 actions | 11:53)
4 Mountain King
2 Storm Bolt
2 Bash
2 Paladin
1 Holy Light
1 Devotion Aura
» actions
| Assign group hotkey | 10 | |
| Basic commands | 82 | |
| Build / train | 35 | |
| ESC pressed | 7 | |
| Enter build submenu | 17 | |
| Enter hero's abilities submenu | 6 | |
| Give item / drop item | 2 | |
| Right click | 655 | |
| Select / deselect | 281 | |
| Select group hotkey | 240 | |
| Use ability | 46 | |
1381 total
» units
» upgrades
| Gunpowder | 2 | |
| Long Rifles | 1 | |
| Armor | 2 | |
5 total
» buildings
| Altar of Kings | 1 | |
| Farm | 9 | |
| Blacksmith | 1 | |
| Barracks | 2 | |
| Scout Tower | 1 | |
| Arcane Tower | 1 | |
| Arcane Vault | 1 | |
| Lumber Mill | 1 | |
| Keep | 2 | |
19 total
» build order
00:05 Altar of Kings
00:07 Farm
00:25 Blacksmith
01:15 Barracks
01:29 Farm
01:46 Scout Tower
02:13 Arcane Tower
02:34 Arcane Vault
02:47 Farm
04:00 Lumber Mill
04:25 Farm
05:05 Keep
05:05 Keep
06:28 Farm
07:12 Barracks
07:14 Farm
10:33 Farm
10:34 Farm
10:36 Farm
» items
Chat log
(00:13 / Allies) onemanwolfpack: i like how we load faster than them
(00:19 / Allies) TheUSDollar: oh boy ud
(00:41 / Allies) onemanwolfpack: clown names
(01:03 / Allies) onemanwolfpack: lets rass someon
(01:06 / Allies) onemanwolfpack: im kotg
(01:12 / Allies) Doof.: im gonna get itmes
(01:14 / Allies) Doof.: first
(01:18 / Allies) onemanwolfpack: fail
(01:39 / Allies) Doof.: ok
(01:41 / Allies) Doof.: lets harass him
(01:42 / Allies) onemanwolfpack: u gonna name ur first kid doof?
(01:49 / Allies) Doof.: lol
(02:00 / Allies) Doof.: hed kill when he gets older
(02:19 / Allies) onemanwolfpack: he'd kill that punani
(02:22 / Allies) onemanwolfpack: chicks would love it
(02:40 / Allies) TheUSDollar: sigh
(03:30 / Allies) Doof.: going here
(03:30 / Allies) onemanwolfpack: eww
(03:51 / Allies) Doof.: b
(05:52 / Allies) Doof.: b
(05:59 / Allies) Doof.: b
(06:04 / Allies) Doof.: o
(06:05 / Allies) Doof.: go
(06:06 / Allies) Doof.: all here
(06:24 / Allies) onemanwolfpack: fail stuck
(06:30 / Allies) onemanwolfpack: im out
(07:00 / Allies) Doof.: b
(08:04 / Allies) TheUSDollar: hey
(08:05 / Allies) Doof.: necvs
(08:05 / Allies) TheUSDollar: bm
(08:07 / Allies) TheUSDollar: come get this
(08:09 / Allies) TheUSDollar: boots
(08:14 / Allies) TheUSDollar: +6
(08:33 / Allies) onemanwolfpack: grabbn some wisps
(08:34 / Allies) onemanwolfpack: lets hit